 Dungeon Crawl Stone Soup version 0.27-a0-1513-g2aaa0cc67b (webtiles) character file.

Game seed: 12120573379044247257

7941 Spaninq the Basher (level 11, -2/113 HPs)
             Began as a Troll Chaos Knight on July 9, 2021.
             Was a Plaything of Xom.
             Slain by an orc knight (20 damage)
             ... in a bailey.
             The game lasted 00:36:07 (7959 turns).

Spaninq the Basher (Troll Chaos Knight)             Turns: 7959, Time: 00:36:07

Health: -2/113     AC:  7    Str: 28    XL:     11   Next: 3%
Magic:  0/10       EV:  8    Int: 12    God:    Xom [*.....]
Gold:   587        SH: 11    Dex: 10    Spells: 10/10 levels left

rFire    . . .     SeeInvis .   E - +1 whip (elec)
rCold    . . .     Faith    .   D - +1 kite shield
rNeg     . . .     Spirit   +   b - +2 robe
rPois    .         Reflect  .   (helmet restricted)
rElec    .         Harm     .   l - +0 cloak
rCorr    .         Rampage  .   (gloves unavailable)
Will     .....                  (boots unavailable)
Stlth    ..........             x - amulet of Conformity {Spirit +Blink Int+4 Stlth-}
HPRegen  1.28/turn              F - +6 ring of strength
MPRegen  0.12/turn              (no ring)

@: unable to read
A: large, unfitting armour, claws 3, regeneration 1, shaggy fur 1, tough skin 1,
weak 1, inability to read while threatened
a: Renounce Religion, Evoke Blink


You were in a bailey.
You worshipped Xom.
You were a special plaything of Xom.
You visited 2 branches of the dungeon, and saw 10 of its levels.
You also visited: Ossuary and Bailey.

You collected 587 gold pieces.

Inventory:

Hand Weapons
 a - a +0 mace of chaos
 f - a +3 whip of flaming
 s - a +0 spectral whip
 E - a +1 whip of electrocution (weapon)
Missiles
 e - 8 curare-tipped darts (quivered)
Armour
 b - a +2 robe (worn)
 l - a +0 cloak (worn)
 D - a +1 kite shield (worn)
Jewellery
 x - the amulet of Conformity (around neck) {Spirit +Blink Int+4 Stlth-}
   (Xom gifted it to you on level 7 of the Dungeon)

   [amulet of guardian spirit]

   It causes incoming damage to be divided between your reserves of health and
   magic.
   Int:       It affects your intelligence (+4).
   +Blink:    It lets you blink.
   Stlth:     It makes you less stealthy.
 F - a +6 ring of strength (left claw)
Wands
 j - a wand of flame (19)
 B - a wand of iceblast (4)
 G - a wand of acid (7)
Scrolls
 c - 5 scrolls of fog
 g - 2 scrolls of identify
 t - a scroll of fear
 u - 3 scrolls of magic mapping
 v - a scroll of blinking
 w - a scroll of amnesia
 y - a scroll of silence
 C - a scroll of teleportation
Potions
 d - 6 potions of curing
 i - a potion of heal wounds {unknown}
 k - 5 potions of lignification
 m - a potion of brilliance
 n - 4 potions of invisibility
 o - 3 potions of attraction {unknown}
 p - a potion of degeneration {unknown}
 q - 4 potions of flight
 r - 2 potions of magic
 z - a potion of mutation {unknown}
 A - 2 potions of might {unknown}


   Skills:
 + Level 8.3 Fighting
 - Level 12.0 Maces & Flails
 - Level 1.9 Dodging
 * Level 4.8 Shields


You had 10 spell levels left.
You didn't know any spells.
Your spell library contained the following spells:

 Spells                   Type           Power      Damage    Failure   Level
 Magic Dart               Conj           0%         1d3       63%         1
 Call Imp                 Summ           0%         N/A       77%         2
 Ensorcelled Hibernation  Hex/Ice        0%         N/A       77%         2
 Frozen Ramparts          Ice            0%         1d2       94%         3
 Gell's Gravitas          Tloc           0%         N/A       94%         3
 Lesser Beckoning         Tloc           0%         N/A       94%         3
 Mephitic Cloud           Conj/Pois/Air  0%         N/A       94%         3
 Spider Form              Tmut/Pois      0%         N/A       94%         3
 Teleport Other           Tloc           0%         N/A       94%         3
 Ice Form                 Ice/Tmut       0%         N/A       100%        4
 Summon Ice Beast         Ice/Summ       0%         N/A       100%        4
 Irradiate                Conj/Tmut      0%         3d13      100%        5
 Eringya's Noxious Bog    Tmut/Pois      0%         N/A       100%        6
 Shadow Creatures         Summ           N/A        N/A       100%        6
 Necromutation            Tmut/Necr      0%         N/A       100%        8


Dungeon Overview and Level Annotations

Branches:
Dungeon (9/15)             Temple (1/1) D:5         Ossuary (visited)
 Bailey (1/1)
   Lair: D:8-11         Orc: D:9-12

Altars:
Ashenzari
Cheibriados
Dithmenos
Elyvilon
Fedhas
Gozag
Hepliaklqana
Kikubaaqudgha
Makhleb
Nemelex Xobeh
Okawaru
Qazlal
Ru
Sif Muna
Trog
Uskayaw
Vehumet
Wu Jian
Xom
Yredelemnul
Zin
The Shining One


Innate Abilities, Weirdness & Mutations

You are too large for most types of armour.
You have claws for hands.
Your natural rate of healing is unusually fast.
You are covered in fur. (AC +1)
You have tough skin. (AC +1)
You are weak. (Str -2)
You sometimes lose the ability to read scrolls when taking damage.


Message History

"Heh heh heh..."
You are confused.
You closely miss the orc knight.
The orc knight is heavily wounded.
Xom is getting BORED.
The orc knight splashes around in the water.
You're too confused to move!
The orc knight hits you with a +0 war axe!
You're too confused to move!
The orc knight roars a battlecry!
You nearly stumble into some deep water!
The orc knight hits you with a +0 war axe!!
Okay, then.
Your magical effects are unravelling.
You feel magically purged.
Your magical contamination has completely faded away.
You feel less confused.
You feel a little less agile now. The orc knight barely misses you.
You closely miss the orc knight.
The orc knight is heavily wounded.
You closely miss the orc knight.
The orc knight is heavily wounded.
You block the orc knight's attack.
You hit the orc knight.
The orc knight is heavily wounded.
You block the orc knight's attack.
You closely miss the orc knight.
The orc knight is heavily wounded.
You hit the orc knight.
The orc knight is heavily wounded.
The orc knight hits you with a +0 war axe!!
* * * LOW HITPOINT WARNING * * *
You feel better.
The orc knight hits you with a +0 war axe!!
* * * LOW HITPOINT WARNING * * *
You whack the orc knight!
The orc knight is severely wounded.
The orc knight hits you with a +0 war axe!!
You die...
Xom thinks this is hilarious!

###.......## ##......∩..##
..!.........##
....≈≈≈≈≈≈≈≈≈###
.≈≈≈≈≈≈≈≈≈≈≈≈≈≈###
≈≈≈≈#########≈≈≈≈###
≈≈≈K#..g....#∩≈≈≈≈≈####
.####.......####≈≈≈≈≈≈####
.#..####'####..#@o≈≈≈≈≈≈≈##
##.....o...^...###gK≈≈≈≈≈≈≈
.'..####'####..' #..≈≈≈≈≈≈≈
##g.#


go. #..# #....#≈≈≈ .#).# ....#..# #(..## ## .#'## ....######..##
)...#########..(.)..# ..(.).(.g..........## ########.########### You could see
an orc knight, a hobgoblin and a kobold.

Vanquished Creatures
  A two-headed ogre (D:7)
  An orc knight (Bailey)
  Maggie (D:8)
  Grinder (D:6)
  A wyvern (D:8)
  A wraith (D:9)
  6 yaks
  4 vampire mosquitoes (D:6)
  A swamp worm (shapeshifter) (D:7)
  A water moccasin (D:5)
  2 ice beasts
  Duvessa (D:4)
  A swamp drake (Bailey)
  A black bear (D:8)
  2 sky beasts
  7 orc warriors
  2 ogres
  A necrophage (D:6)
  4 centaurs
  A kobold brigand (D:8)
  A bullfrog (D:8)
  2 gnoll sergeants (D:6)
  Dowan (D:4)
  9 scorpions
  3 wights (D:5)
  2 centaur zombies (Ossuary)
  A bullfrog zombie (D:5)
  A hound (D:6)
  3 human zombies (Ossuary)
  5 jellies
  2 gnoll shamans
  4 orc priests
  2 centaur skeletons
  2 scorpion zombies (Ossuary)
  7 orc wizards
  A hound skeleton (D:5)
  3 mummies (Ossuary)
  Robin (D:4)
  11 adders
  20 gnolls
  A white imp (D:7)
  2 ufetubi
  2 adder skeletons (D:4)
  4 worms
  28 orcs
  2 ball pythons
  4 endoplasms
  A giant cockroach (D:2)
  A gnoll zombie (Ossuary)
  10 goblins
  11 hobgoblins
  9 jackals
  16 kobolds
  2 quokkas
  10 bats
  A frilled lizard (D:2)
  A kobold zombie (Ossuary)
  3 orc zombies (Ossuary)
  3 rats (D:1)
232 creatures vanquished.

Vanquished Creatures (collateral kills)
  A komodo dragon (shapeshifter) (D:4)
  A yak (D:8)
  A sky beast (D:7)
  A centaur skeleton (D:7)
  2 orcs (D:6)
6 creatures vanquished.

Vanquished Creatures (others)
  An orc wizard (D:7)
  An orc zombie (Ossuary)
  6 fungi (D:4)
  52 plants (D:4)
60 creatures vanquished.

Grand Total: 298 creatures vanquished

Notes
Turn   | Place    | Note
-------+----------+-------------------------------------------
     0 | D:1      | Spaninq the Troll Chaos Knight began the quest for the Orb.
     0 | D:1      | Reached XP level 1. HP: 22/22 MP: 0/0
     6 | D:1      | Noticed a redback
     6 | D:1      | Noticed a snapping turtle
     6 | D:1      | Noticed a lindwurm
     6 | D:1      | Noticed a wolf
     6 | D:1      | Noticed a black mamba
    81 | D:1      | Reached skill level 3 in Maces & Flails
    81 | D:1      | Reached XP level 2. HP: 29/29 MP: 1/1
   110 | D:1      | XOM: divination: detect items
   858 | D:2      | Reached XP level 3. HP: 32/36 MP: 2/2
   967 | D:2      | Found a sacrificial altar of Ru.
   996 | D:2      | Noticed a shining eye
   997 | D:2      | Found a faded altar of an unknown god.
  1000 | D:2      | Noticed a floating eye
  1000 | D:2      | Noticed a shining eye
  1000 | D:2      | Noticed a floating eye
  1021 | D:2      | XOM: silly message
  1305 | D:2      | XOM: potion effect (haste)
  1465 | D:2      | XOM: silly message
  1500 | D:2      | XOM: divination: detect creatures
  1598 | D:3      | Reached XP level 4. HP: 45/45 MP: 3/3
  1679 | D:3      | Reached skill level 4 in Maces & Flails
  1834 | D:3      | XOM: silly message
  1850 | D:3      | Reached XP level 5. HP: 29/53 MP: 4/4
  2097 | D:3      | XOM: silly message
  2107 | D:3      | Found a basalt altar of Yredelemnul.
  2124 | D:3      | Found a sacrificial altar of Ru.
  2464 | D:4      | Noticed an orc warrior
  2479 | D:4      | XOM: butterfly on damage
  2486 | D:4      | XOM: scenery: summon butterflies
  2488 | D:4      | XOM: confuse monster(s)
  2538 | D:4      | Reached skill level 5 in Maces & Flails
  2540 | D:4      | Noticed an ogre
  2552 | D:4      | XOM: enchant monster (good)
  2555 | D:4      | Killed an ogre
  2556 | D:4      | Reached XP level 6. HP: 62/62 MP: 5/5
  2557 | D:4      | XOM: cleaving
  2572 | D:4      | Killed an orc warrior
  2661 | D:4      | Found a sparkling altar of Nemelex Xobeh.
  2661 | D:4      | Noticed Robin
  2697 | D:4      | Killed Robin
  2920 | D:4      | Noticed a shapeshifter
  2920 | D:4      | a scorpion changed into a shapeshifter
  2920 | D:4      | XOM: polymorph scorpion -> shapeshifter
  2920 | D:4      | Noticed a komodo dragon
  2920 | D:4      | a shapeshifter changed into a komodo dragon
  2924 | D:4      | Noticed a troll
  2924 | D:4      | a komodo dragon changed into a troll
  2941 | D:4      | Noticed a komodo dragon
  2945 | D:4      | XOM: scenery: create altars
  2986 | D:4      | XOM: enchant monster (good)
  2997 | D:4      | XOM: cleaving
  3001 | D:4      | XOM: enchant monster (good)
  3017 | D:4      | XOM: butterfly on damage
  3019 | D:4      | XOM: enchant monster (good)
  3048 | D:4      | XOM: summons 6 friendly demons
  3055 | D:4      | Killed a komodo dragon
  3056 | D:4      | Reached skill level 6 in Maces & Flails
  3056 | D:4      | Reached XP level 7. HP: 32/71 MP: 6/6
  3221 | D:4      | Found a stormy altar of Qazlal.
  3389 | D:4      | XOM: confusion (+ monsters)
  3428 | D:4      | XOM: confuse monster(s)
  3630 | D:4      | XOM: silly message
  3668 | D:5      | Entered Level 5 of the Dungeon
  3668 | D:5      | Noticed Duvessa
  3668 | D:5      | Noticed Dowan
  3682 | D:4      | Killed Duvessa
  3683 | D:4      | Reached skill level 7 in Maces & Flails
  3698 | D:4      | XOM: enchant monster (good)
  3709 | D:4      | Killed Dowan
  3710 | D:4      | Reached skill level 5 in Fighting
  3730 | D:5      | Reached XP level 8. HP: 80/80 MP: 7/7
  3754 | D:5      | Found a sand-covered staircase.
  3762 | Ossuary  | Entered an ossuary
  3842 | Ossuary  | XOM: potion effect (curing)
  3847 | Ossuary  | XOM: divination: detect items
  3850 | Ossuary  | Reached skill level 8 in Maces & Flails
  3882 | Ossuary  | XOM: noise
  3895 | Ossuary  | XOM: noise
  3929 | Ossuary  | XOM: silly message
  4041 | Ossuary  | XOM: silly message
  4293 | D:5      | Found a glowing silver altar of Zin.
  4293 | D:5      | Found a shimmering altar of Xom.
  4308 | D:5      | Found a shimmering blue altar of Sif Muna.
  4308 | D:5      | Found a white marble altar of Elyvilon.
  4339 | D:4      | Reached skill level 9 in Maces & Flails
  4493 | D:5      | Reached XP level 9. HP: 89/89 MP: 8/8
  4745 | D:5      | Found a staircase to the Ecumenical Temple.
  4760 | Temple   | Entered the Ecumenical Temple
  4974 | D:5      | XOM: god gift: scroll of teleportation
  5122 | D:6      | XOM: give mutations
  5122 | D:6      | Gained mutation: You are weak. (Str -2) [Xom's mischief]
  5122 | D:6      | Gained mutation: You sometimes lose the ability to read
                  | scrolls when taking damage. [Xom's mischief]
  5130 | D:6      | XOM: summons friendly iron imp
  5226 | D:6      | Noticed Grinder
  5235 | D:6      | Killed Grinder
  5310 | D:6      | XOM: chaos upgrade
  5312 | D:6      | XOM: potion effect (haste)
  5313 | D:6      | Reached skill level 10 in Maces & Flails
  5424 | D:6      | XOM: polymorph orc -> jackal
  5427 | D:6      | XOM: cast spell 'Dispersal'
  5447 | D:6      | XOM: silly message
  5467 | D:6      | XOM: god gift: Fuxaf's Volume of Shape Shifting {god gift}
  5471 | D:6      | Reached skill level 1 in Shields
  5471 | D:6      | XOM: 4-stop teleportation journey
  5653 | D:6      | Got Fuxaf's Volume of Shape Shifting {god gift}
  5707 | D:6      | XOM: cast spell 'Discord'
  5924 | D:6      | Reached XP level 10. HP: 102/102 MP: 9/9
  5925 | D:6      | XOM: summons friendly iron imp
  5928 | D:6      | XOM: cleaving
  5934 | D:6      | XOM: summons 2 friendly demons
  5973 | D:6      | XOM: 1-stop teleportation journey
  6089 | D:6      | XOM: summons 3 hostile shadow creatures
  6120 | D:7      | XOM: god gift: long sword {god gift}
  6130 | D:7      | Reached skill level 11 in Maces & Flails
  6336 | D:7      | Paralysed by a hornet for 3 turns
  6337 | D:7      | Noticed a glowing shapeshifter
  6337 | D:7      | a hornet changed into a glowing shapeshifter
  6337 | D:7      | XOM: polymorph hornet -> glowing shapeshifter
  6337 | D:7      | Noticed an elephant
  6337 | D:7      | a glowing shapeshifter changed into an elephant
  6342 | D:7      | XOM: summons 4 friendly demons
  6409 | D:7      | Noticed a glowing shapeshifter
  6409 | D:7      | a raiju changed into a glowing shapeshifter
  6409 | D:7      | XOM: polymorph raiju -> glowing shapeshifter
  6409 | D:7      | a glowing shapeshifter changed into a dream sheep
  6419 | D:7      | Noticed a shock serpent
  6421 | D:7      | Noticed a shining eye
  6421 | D:7      | a shock serpent changed into a shining eye
  6456 | D:7      | Identified the amulet of Conformity {Spirit +Blink Int+4
                  | Stlth-} (Xom gifted it to you on level 7 of the Dungeon)
  6456 | D:7      | XOM: god gift: amulet of Conformity {Spirit +Blink Int+4
                  | Stlth-}
  6520 | D:7      | Noticed a glowing shapeshifter
  6520 | D:7      | a merfolk changed into a glowing shapeshifter
  6521 | D:7      | Noticed a moth of wrath
  6521 | D:7      | a glowing shapeshifter changed into a moth of wrath
  6523 | D:7      | Noticed a mana viper
  6523 | D:7      | a moth of wrath changed into a mana viper
  6525 | D:7      | a mana viper changed into a swamp worm
  6692 | D:7      | Found a blossoming altar of Fedhas.
  6891 | D:8      | Noticed a two-headed ogre
  6900 | D:8      | XOM: 8-stop teleportation journey
  6925 | D:7      | XOM: fog
  6944 | D:7      | XOM: god gift: +4 flail of draining
  6970 | D:7      | XOM: summons 2 friendly demons
  6978 | D:7      | Killed a two-headed ogre
  7039 | D:8      | Noticed Maggie
  7057 | D:8      | Killed Maggie
  7226 | D:8      | XOM: summons 7 friendly demons
  7271 | D:8      | XOM: scenery: summon butterflies
  7289 | D:8      | XOM: polymorph butterfly -> steam dragon
  7543 | D:8      | XOM: divination: magic mapping
  7566 | D:9      | Found a flagged portal.
  7599 | Bailey   | Entered a bailey
  7605 | Bailey   | Noticed an orc knight
  7677 | Bailey   | XOM: polymorph orc warrior -> swamp drake
  7679 | Bailey   | Reached skill level 12 in Maces & Flails
  7751 | Bailey   | XOM: god gift: club {god gift}
  7761 | Bailey   | XOM: noise
  7782 | Bailey   | XOM: summons friendly white imp
  7783 | Bailey   | Killed an orc knight
  7790 | Bailey   | Reached XP level 11. HP: 74/111 MP: 6/10
  7856 | Bailey   | XOM: chaos cloud
  7882 | Bailey   | Noticed an orc knight
  7934 | Bailey   | XOM: confusion
  7947 | Bailey   | XOM: confusion
  7959 | Bailey   | Slain by an orc knight

Illustrated notes

Levels and vault maps discovered:
D:1:      onia_arrival_zoo_common, layout_loops_cross, hex_tiny
D:2:      layout_loops_corners, basic_altar,
          hellmonk_ecumenical_altar_watching_god
D:3:      cheibrodos_pilgrimage, layout_loops_cross,
          mainiacjoe_overflow_big_doors, kennysheep_pointless_box
D:4:      old_forge, layout_basic, mainiacjoe_overflow_catch_the_wave,
          uniq_robin
D:5:      layout_loops_ring, chequers_temple_overflow_statue_of_worship,
          minmay_temple_entry_trees, serial_glass, glass_columns_a,
          glass_columns_a, nicolae_ossuary_entry_ruins, glass_columns_a,
          uniq_duvessa
D:6:      layout_loops_ring, uniq_grinder
D:7:      layout_basic, fedhas_altar_2
D:8:      layout_cave_pools, uniq_maggie
D:9:      minmay_inner_zag, layout_basic, minmay_lair_entry_grove,
          enter_bailey_2, serial_shops, shop_statue, uniq_pikel,
          uniq_prince_ribbit1
Temple:   nicolae_temple_figure_eight
Bailey:   bailey_axe_4, bailey

Skill      XL: |  1  2  3  4  5  6  7  8  9 10 |
---------------+-------------------------------+-----
Maces & Flails | 3 4 5 6 7 9 10 12 | 12.0
Fighting       | 3 4 5 6 7 8 |  8.3
Shields        | 2 4 |  4.8
Dodging        | |  1.9

Action                   |  1- 3 |  4- 6 |  7- 9 | 10-12 || total
-------------------------+-------+-------+-------+-------++-------
Melee: Mace              |    29 |       |       |       ||    29
       Whip              |    66 |   191 |   603 |   355 ||  1215
Evoke: Wand              |       |       |       |     6 ||     6
  Use: Scroll            |     1 |     5 |     7 |     7 ||    20
       Potion            |       |     1 |     1 |     3 ||     5
 Stab: Sleeping          |     1 |     3 |       |       ||     4
       Petrified         |       |    36 |     5 |       ||    41
       Petrifying        |       |     2 |       |       ||     2
       Distracted        |       |       |     1 |       ||     1
Armor: Robe              |    40 |    42 |   171 |    70 ||   323
Dodge: Dodged            |    33 |    54 |   226 |    62 ||   375
Block: Kite shield       |       |       |    22 |   111 ||   133

Table legend: (Time is in decaauts)
 A = Elapsed time spent in this place.
 B = Non-inter-level travel time spent in this place.
 C = Inter-level travel time spent in this place.
 D = Time resting spent in this place.
 E = Time spent auto-exploring this place.
 F = Levels seen in this place.
 G = Mean time per level.
                   A        B        C        D        E       F      G
               +--------+--------+--------+--------+--------+-----+--------+
         Total |   7564 |   7207 |    357 |    137 |   4570 |  12 |  630.3 |
       Dungeon |   6640 |   6291 |    349 |    133 |   4238 |   9 |  737.8 |
        Temple |    207 |    199 |      8 |      0 |    198 |   1 |  207.0 |
       Ossuary |    402 |    402 |      0 |      0 |     70 |   1 |  402.0 |
        Bailey |    313 |    313 |      0 |      4 |     64 |   1 |  313.0 |
               +--------+--------+--------+--------+--------+-----+--------+

Top non-repeatable levels by time:
     D:4: 1224 daAuts
     D:6: 992 daAuts
     D:2: 875 daAuts
     D:3: 848 daAuts
     D:7: 799 daAuts
     D:1: 683 daAuts
     D:5: 641 daAuts
     D:8: 538 daAuts
 Ossuary: 402 daAuts
  Bailey: 313 daAuts
  Temple: 207 daAuts
     D:9: 37 daAuts
